 Dungeon Crawl Stone Soup version 0.31-a0-859-g9dce7d3444 (webtiles) character file.

Game seed: 10204480621703345185

83 Maratek the Digger (level 4, -11/24 HPs)
             Began as a Gargoyle Earth Elementalist on Oct 9, 2023.
             Mangled by an ogre
             ... wielding a +0 giant spiked club
              (35 damage)
             ... on level 3 of the Dungeon.
             The game lasted 00:04:59 (2231 turns).

Maratek the Digger (Gargoyle Earth Elementalist)    Turns: 2231, Time: 00:05:00

Health: -11/24     AC:  7    Str: 12    XL:     4   Next: 44%
Magic:  7/8        EV: 12    Int: 17    God:
Gold:   206        SH:  0    Dex: 10    Spells: 8/9 levels left

rFire   . . .        (no weapon)
rCold   . . .        (no shield)
rNeg    + . .        a - +0 robe
rPois   ∞            g - +0 helmet
rElec   +            (no cloak)
rCorr   .            (no gloves)
SInv    .            q - +0 pair of boots
Will    +....        i - amulet of regeneration
Stlth   ++           f - ring of willpower
HPRegen 1.04/turn    (no ring)
MPRegen 0.11/turn

%: no passive effects
@: no status effects
A: sickness immunity, AC +3, negative energy resistance 1, electricity
resistance, torment resistance 1, petrification resistance
a: no special abilities


You were on level 3 of the Dungeon.
You visited 1 branch of the dungeon, and saw 3 of its levels.

You collected 206 gold pieces.

Inventory:

Missiles
 o - a throwing net
Armour
 a - a +0 robe (worn)
 g - a +0 helmet (worn)
 q - a +0 pair of boots (worn)
Jewellery
 f - a ring of willpower (left hand)
 i - an amulet of regeneration (around neck)
Wands
 p - a wand of charming (12)
Scrolls
 c - a scroll of teleportation
 j - a scroll of identify {unknown}
 m - a scroll of blinking {unknown}
Potions
 b - a potion of magic
 d - 2 potions of curing {unknown}
 e - a potion of brilliance {unknown}
 h - a potion of degeneration {unknown}
 k - a potion of might {unknown}
 l - a potion of attraction {unknown}


   Skills:
 + Level 0.1 Fighting
 + Level 2.0 Dodging
 + Level 2.2 Stealth
 + Level 3.1 Spellcasting
 + Level 0.7 Transmutations
 + Level 4.8 Earth Magic


You had 8 spell levels left.
You knew the following spells:

 Your Spells              Type           Power      Damage    Failure   Level
a - Sandblast             Erth           38%        2d10      2%          1

Your spell library contained the following spells:

 Spells                   Type           Power      Damage    Failure   Level
 Passwall                 Tmut/Erth      10%        N/A       9%          2
 Stone Arrow              Conj/Erth      20%        3d8       19%         3
 Scorch                   Fire           4%         2d5       26%         2
 Petrify                  Tmut/Erth      12%        N/A       50%         4
 Brom's Barrelling Bould  Conj/Erth      10%        2d3       54%         4
 Flame Wave               Conj/Fire      2%         2d4       86%         4
 Summon Cactus Giant      Summ           1%         N/A       100%        6


Dungeon Overview and Level Annotations

Branches:
Dungeon (3/15)

Altars:
Trog

Annotations:
D:3 2 transporters, Flugkiller's ghost, weakling DEHu


Innate Abilities, Weirdness & Mutations

You are immune to sickness and miasma.
Your stone body is resilient. (AC +3)
You are immune to poison.
You resist negative energy. (rN+)
You are resistant to electric shocks. (rElec)
You are resistant to unholy torment.
You are immune to petrification.


Message History

The orc hits you but does no damage. x2
The blast of sand hits the orc!
You kill the orc!
You can't see any susceptible monsters within range! (Use Z to cast anyway.)
Items here: )) ††.
A ball python comes into view.
A ball python is nearby!
A ball python comes into view.
The ball python hisses angrily. x2
You hit the ball python but do no damage.
The ball python bites you. The ball python misses you.
The ball python bites you but does no damage.
The ball python grabs you. The ball python constricts you.
The blast of sand hits the ball python!
You kill the ball python!
The blast of sand hits the ball python!
You kill the ball python!
You can't see any susceptible monsters within range! (Use Z to cast anyway.)
j - a scroll labelled JIUMMYA CANO You open the door.
There is an open door here.
A frilled lizard comes into view.
A frilled lizard is nearby!
The frilled lizard hisses angrily.
The blast of sand hits the frilled lizard!
You kill the frilled lizard!
You see here a frilled lizard corpse.
Found a mace.
You see here a +0 mace.
Found a stone staircase leading down.
There is a stone staircase leading down here.
There is a stone staircase leading down here.
m - a scroll labelled MYLOFF MEVVATO You open the large door.
An ogre comes into view. It is wielding a +0 giant spiked club.
The blast of sand hits the ogre!
The ogre is moderately wounded.
The ogre hits you with a +0 giant spiked club!!
Ouch! That really hurt!
You die...

....###.# ####.#### #.##
#.# #####.####### .
##+## #...........#
#.###...###.###.##.###.#
#........##.# #.#.##
###.......#.# #...#
#..........###...##
+.................#
#.....@..........#...#
#####'O###..........##
≈≈..≈ ##.##......#
#≈#.##§#..##.#.#### +.#8
.+.......# + ..
+.###.### ## ## #.# .#


You could see an ogre.

Vanquished Creatures
  2 adders (D:2)
  2 worms (D:2)
  4 dart slugs
  3 orcs (D:3)
  4 endoplasms
  2 giant cockroaches (D:1)
  2 hobgoblins
  7 kobolds
  A quokka (D:2)
  9 ball pythons
  5 bats
  2 frilled lizards
  3 goblins (D:2)
  5 rats
51 creatures vanquished.

Notes
Turn   | Place    | Note
-------+----------+-------------------------------------------
     0 | D:1      | Maratek the Gargoyle Earth Elementalist began the quest for
                  | the Orb.
     0 | D:1      | Reached XP level 1. HP: 10/10 MP: 3/3
   230 | D:1      | Reached skill level 4 in Earth Magic
   404 | D:1      | Reached XP level 2. HP: 13/15 MP: 0/5
   489 | D:1      | Found a faded altar of an unknown god.
   754 | D:1      | Reached XP level 3. HP: 19/19 MP: 1/6
  1043 | D:2      | Found a bloodstained altar of Trog.
  1469 | D:2      | Reached XP level 4. HP: 24/24 MP: 3/8
  1716 | D:2      | You fall into a shaft and drop 1 floor!
  1830 | D:3      | Found a transporter.
  1835 | D:3      | Noticed Flugkiller's ghost (weakling DEHu)
  1850 | D:3      | Found a transporter.
  1969 | D:3      | Identified a scroll of acquirement
  1969 | D:3      | Acquired an amulet of regeneration
  2230 | D:3      | Noticed an ogre
  2231 | D:3      | Mangled by an ogre

Illustrated notes

Levels and vault maps discovered:
D:1:      eino_arrival_cavern_c, layout_basic, serial_co_window_serial,
          co_window_corner_a, co_window_paths_b, co_window_of_opportunity_a,
          co_window_corner_a, co_window_paths_a, co_window_of_opportunity_c,
          co_window_broadway_a, co_window_paths_c, co_window_paths_d,
          shapermc_ecumenical_altar_mp_highgroup, minmay_tetromino_s2
D:2:      layout_loops_cross, basic_altar
D:3:      layout_loops_corners, gammafunk_ghost_stat_death,
          nicolae_concentric_dashed_squares_wild, hangedman_decor_growths,
          kennysheep_generic_room_12

Skill      XL: |  1  2  3  4 |
---------------+-------------+-----
Earth Magic    | 4 |  4.8
Dodging        | 2 |  2.0
Spellcasting   | 3 |  3.1
Fighting       | |  0.1
Stealth        | |  2.2
Transmutations | |  0.7

Action                     |  1- 3 |  4- 6 || total
---------------------------+-------+-------++-------
  Melee: Unarmed           |     1 |     3 ||     4
   Cast: Sandblast         |    47 |    23 ||    70
    Use: Scroll            |       |     5 ||     5
 Armour: Robe              |    19 |    10 ||    29
  Dodge: Dodged            |    22 |     8 ||    30

Table legend: (Time is in decaauts)
 A = Elapsed time spent in this place.
 B = Non-inter-level travel time spent in this place.
 C = Inter-level travel time spent in this place.
 D = Time resting spent in this place.
 E = Time spent auto-exploring this place.
 F = Levels seen in this place.
 G = Mean time per level.
                   A        B        C        D        E       F      G
               +--------+--------+--------+--------+--------+-----+--------+
         Total |   2264 |   2232 |     32 |      0 |   1886 |   3 |  754.7 |
       Dungeon |   2264 |   2232 |     32 |      0 |   1886 |   3 |  754.7 |
               +--------+--------+--------+--------+--------+-----+--------+

Top non-repeatable levels by time:
     D:1: 1022 daAuts
     D:2: 720 daAuts
     D:3: 521 daAuts
